AoeStats
← Miguel GC

Golden Pit

509776134Analyzed
1v1 RM · 5d ago on Sep 28, 2026· 44m 0s· 2 players
Game mode
Random Map
Map size
Tiny (2 player)
Population
200
Speed
Normal
Resources
Standard
Victory
Conquest
Starting age
Dark Age
Ending age
Imperial Age
RankedLock teamsTeams togetherTeam positionsShared explorationLock speedFull tech treeHidden civsTurbo modeCheats
Victory
Defeat
🇲🇽 Lithuanians · Mexico
1744
+15
🇲🇽 Italians · Mexico
1721
-15
Raul.RF
6:24 Loom
8:46 Feudal Age
9:01 Man-at-Arms
9:52 Double-Bit Axe
17:55 Forging
17:35 Fletching
23:08 Castle Age
22:04 Padded Archer Armor
23:27 Gold Mining
23:14 Crossbowman
24:05 Bodkin Arrow
37:13 Fervor
37:47 Redemption
45:31 Imperial Age
Miguel GC
5:50 Loom
8:48 Feudal Age
9:11 Man-at-Arms
14:41 Town Watch
17:43 Fletching
18:17 Padded Archer Armor
23:15 Castle Age
22:23 Scale Barding Armor
22:08 Double-Bit Axe
22:09 Horse Collar
23:30 Bloodlines
24:28 Bow Saw
30:59 Husbandry
33:36 Chain Barding Armor
36:04 Wheelbarrow
37:57 Hand Cart
43:42 Imperial Age
43:50 Heavy Plow
44:55 Conscription
Connection lost

Rejoining the realm…

Still unreachable

The connection could not be restored.

Session expired

The server has moved on; the page needs a fresh start.